 Dungeon Crawl Stone Soup version 0.30-b1-2-g02819fbbbe (webtiles) character file.

Game seed: 15857044495244510936

273354 LLlMATKO the Hoplite (level 19, -1/184 HPs)
             Began as a Minotaur Berserker on Aug 23, 2023.
             Was the Champion of Trog.
             Slain by a vault warden
             ... wielding a +0 war axe of electrocution
              (19 damage)
             ... while paralysed by an air elemental
             ... on level 2 of the Vaults.
             The game lasted 00:47:43 (39765 turns).

LLlMATKO the Hoplite (Minotaur Berserker)          Turns: 39765, Time: 00:47:43

Health: -1/184     AC: 26    Str: 29    XL:     19   Next: 50%
Magic:  18/18      EV:  2    Int:  2    God:    Trog [******]
Gold:   6074       SH:  0    Dex: 23    Spells: 18/18 levels left

rFire   + . .        p - +7 broad axe (heavy)
rCold   x . .        w - +1 kite shield {AC+3}
rNeg    . . .        Z - +0 crystal plate armour
rPois   .            (helmet restricted)
rElec   .            X - scarf {repulsion}
rCorr   .            u - +0 pair of gloves {Dex+3}
SInv    +            n - +1 pair of boots
Will    ++...        j - amulet of reflection Stlth
                     W - ring of Jarumno {Will+ SInv}
HPRegen 0.50/turn    T - ring of Nemelex Xobeh's Favour {Fire Int-2 Dex+9 SInv Stlth-}
MPRegen 0.16/turn

%: repel missiles, reflection
@: paralysed, marked, corroded, on berserk cooldown, slowed, studying 2 skills
A: horns 2, retaliatory headbutt
}: 2/15 runes: barnacled, gossamer
a: Renounce Religion, Berserk, Trog's Hand, Brothers in Arms


You were on level 2 of the Vaults.
You worshipped Trog.
Trog was exalted by your worship.
You visited 6 branches of the dungeon, and saw 32 of its levels.
You also visited: Bailey.

You collected 6074 gold pieces.

Inventory:

Hand Weapons
 p - a +7 heavy broad axe (weapon)
 r - a +1 broad axe of venom
 Q - the +7 broad axe "Ixkusera" {flame, rF- Str+8}
   (Trog gifted it to you on level 2 of the Orcish Mines)

   Str:       It affects your strength (+8).
   rF:        It makes you vulnerable to fire.
 S - a +2 antimagic war axe
Missiles
 h - 22 javelins (quivered)
 i - 40 poisoned darts
 o - 16 silver javelins
 G - 3 throwing nets
Armour
 n - a +1 pair of boots (worn)
 u - a +0 pair of gloves of dexterity (worn)
 w - a +1 kite shield of protection (worn)
 X - a scarf of repulsion (worn)
 Z - a +0 crystal plate armour (worn)
Jewellery
 e - the ring "Qishueb" {rPois Str+3 Dex+2}
   (You found it on level 2 of the Vaults)

   [ring of poison resistance]

   Str:       It affects your strength (+3).
   Dex:       It affects your dexterity (+2).
   rPois:     It protects you from poison.
 j - an amulet of reflection (around neck)
 t - a ring of protection from cold
 v - a ring of resist corrosion
 C - a ring of fire
 F - a ring of flight
 L - a ring of protection from fire
 P - a ring of poison resistance
 T - the ring of Nemelex Xobeh's Favour (right hand) {Fire Int-2 Dex+9 SInv Stlth-}
   (You found it on level 5 of the Lair of Beasts)

   [ring of fire]

   It enhances your fire magic.
   Int:       It affects your intelligence (-2).
   Dex:       It affects your dexterity (+9).
   rF:        It protects you from fire.
   rC:        It makes you vulnerable to cold.
   SInv:      It lets you see invisible.
   Stlth:     It makes you less stealthy.
 W - the ring of Jarumno (left hand) {Will+ SInv}
   (You found it on level 4 of the Shoals)

   [ring of willpower]

   SInv:      It lets you see invisible.
   Will:      It increases your willpower.
 Y - a ring of ice
Wands
 s - a wand of roots (29)
 J - a wand of digging (13)
 K - a wand of flame (33)
 N - a wand of quicksilver (7)
 R - a wand of paralysis (3)
Scrolls
 a - 3 scrolls of torment
 c - 17 scrolls of identify
 d - a scroll of fog
 k - 3 scrolls of summoning
 l - 20 scrolls of teleportation
 q - 4 scrolls of fear
 x - 2 scrolls of blinking
 O - 5 scrolls of enchant armour
 V - 4 scrolls of enchant weapon
Potions
 b - 7 potions of might
 g - a potion of resistance
 m - 11 potions of curing
 z - 8 potions of heal wounds
 A - 4 potions of haste
 B - 8 potions of flight
 D - a potion of cancellation
 E - a potion of magic
 H - 5 potions of invisibility
 M - a potion of berserk rage
 U - 4 potions of ambrosia


   Skills:
 + Level 19.7 Fighting
 + Level 19.8 Axes
 + Level 19.5 Armour
 + Level 19.0 Dodging
 + Level 21.2 Shields


You had 18 spell levels left.
You didn't know any spells.
Your spell library was empty.

Dungeon Overview and Level Annotations

Branches:
Dungeon (15/15)            Temple (0/1) D:5            Lair (5/5) D:10
 Shoals (4/4) Lair:2       Spider (4/4) Lair:2        Slime (0/5) Lair:5
    Orc (2/2) D:11            Elf (0/3) Orc:2        Vaults (2/5) D:13
 Depths (0/4) D:15         Bailey (visited)
  Crypt: Vaults:2-3

Altars:
Elyvilon
Makhleb
Qazlal
Sif Muna
Uskayaw
Wu Jian
Xom
Jiyva

Shops:
D:1 ?   D:6 (   D:10 (*::[   Orc:2 [[=:   Shoals:1 =

Annotations:
Vaults:2 Sojobo, Xtahua


Innate Abilities, Weirdness & Mutations

You have a pair of horns on your head.
You reflexively headbutt those who attack you in melee.


Message History

The yaktaur captain shoots a bolt.
The bolt completely misses you.
You slice Xtahua like a ripe choko!!!
Xtahua is severely wounded.
The entropy weaver is engulfed in blazing flames.
Unknown command.
You hit Xtahua.
Xtahua is severely wounded.
You block Xtahua's attack. Xtahua barely misses you.
Xtahua tramples you but does no damage.
A vault sentinel comes into view. It is wielding a +0 long sword.
The yaktaur shoots a bolt.
You block the bolt with an invisible shield... and reflect it back!
The bolt barely misses the yaktaur.
You block the air elemental's attack.
You hit Xtahua. You headbutt Xtahua.
Xtahua is severely wounded.
You completely miss the air elemental. You slice the air elemental!!
The air elemental fires a burst of electricity at you.
The stunning burst hits you.
You suddenly lose the ability to move!
* * * LOW HITPOINT WARNING * * *
The air elemental hits you!
* * * LOW HITPOINT WARNING * * *
Xtahua bites you!
* * * LOW HITPOINT WARNING * * *
Xtahua claws you but does no damage. Xtahua tramples you.
* * * LOW HITPOINT WARNING * * *
You are shoved backwards!
An ironbound convoker comes into view. It is wielding a +0 morningstar.
The vault sentinel blows a loud note on a signal horn!
You hear a shout!
You are no longer berserk.
You feel yourself slow down.
The air elemental hits you but does no damage. x2
The entropy weaver hits you!
* * * LOW HITPOINT WARNING * * *
The entropy weaver hits you but does no damage.
The entropy weaver hits you.
* * * LOW HITPOINT WARNING * * *
The entropy weaver hits you but does no damage.
The vault warden hits you with a +0 war axe of electrocution!!
You die...

..# #... ..# #... ..#
#... ..# ## ## #... ..#
#...
..############+##########
......................pp.
.........)†).c.EEc.......
.......))))..QED@p☼cc....
........)†)....p.B.......
....########.....########
....# #.....# ....#
#.....# ....# .+.....#
..#.....# ..#.....#


You could see Sojobo (repels missiles), Xtahua, a vault warden, 2 yaktaur
captains, an entropy weaver, 2 vault sentinels, an ironbound convoker, 2
yaktaurs and 3 air elementals.

Vanquished Creatures
  Mara (Spider:3)
  Boris (Vaults:2)
  Rupert (Orc:2)
  A kraken (Shoals:1)
  Agnes (D:15)
  Roxanne (Shoals:3)
  Donald (Shoals:3)
  2 tengu reavers (Vaults:2)
  5 vault wardens
  5 ghost moths
  7 emperor scorpions (Spider:4)
  Aizul (Spider:4)
  2 orc warlords
  7 broodmothers
  7 ironbound preservers
  A stone giant (D:15)
  5 ironbound thunderhulks
  15 dire elephants
  5 spark wasps
  Azrael (Orc:2)
  3 minotaurs (Shoals:4)
  3 merfolk javelineers
  5 merfolk impalers
  An entropy weaver (shapeshifter) (D:13)
  3 entropy weavers
  A hydra (shapeshifter) (Vaults:2)
  2 great orbs of eyes (Vaults:2)
  A yaktaur captain (D:13)
  3 hydras
  4 vault guards
  2 jorogumos (Spider:3)
  2 ogre magi
  7 merfolk avatars
  3 merfolk aquamancers
  2 catoblepae
  4 boulder beetles
  A radroach (Spider:4)
  9 two-headed ogres
  An ironbound frostheart (Vaults:1)
  6 centaur warriors
  A deep troll shaman (Lair:5)
  Erica (D:8)
  10 death yaks
  7 satyrs (Shoals:4)
  A deep troll earth mage (Vaults:1)
  4 orc high priests (Orc:2)
  5 tengu warriors
  7 pharaoh ants
  5 skysharks
  2 sun moths
  10 orb spiders
  5 sea snakes
  14 deep trolls
  11 ironbound convokers
  3 wizards
  3 deep elf pyromancers
  Pikel (D:8)
  8 steelbarb worms
  3 necromancers (Orc:1)
  5 lindwurms
  10 orc knights
  A phantasmal warrior (Vaults:2)
  23 wolf spiders
  36 harpies
  2 orc sorcerers
  15 manticores
  8 fauns
  17 ugly things
  6 cyclopes
  10 merfolk sirens
  14 elephants
  4 moths of wrath
  3 black mambas
  7 vault sentinels
  4 water nymphs
  A guardian serpent (D:13)
  8 demonic crawlers
  11 cane toads
  Psyche (D:8)
  3 torpor snails
  9 yaktaurs
  3 gargoyles
  4 rime drakes
  10 komodo dragons
  A freezing wraith (D:15)
  4 polar bears
  A meliai (Spider:3)
  A hornet (shapeshifter) (D:14)
  4 wind drakes
  21 merfolk
  20 tarantellas
  A hornet (D:7)
  7 trolls
  27 blink frogs
  7 snapping turtles
  14 dream sheep
  2 ettin zombies (Orc:1)
  3 shadows
  14 culicivoras
  32 jumping spiders
  A wraith (D:13)
  13 slime creatures
  11 water elementals
  4 wyverns
  A ynoxinul (D:13)
  An ettin skeleton (Orc:1)
  An orc simulacrum (Orc:1)
  3 fire elementals (Orc:2)
  26 yaks
  2 basilisks
  7 vampire mosquitoes
  A steam dragon (D:8)
  Grum (D:8)
  43 redbacks
  4 wargs (Orc:1)
  2 acid dragons
  8 water moccasins
  4 hell hounds (Orc:2)
  38 orc warriors
  A black bear (Lair:5)
  4 ice beasts
  7 ogres
  A boggart (shapeshifter) (D:13)
  19 centaurs
  26 wolves
  A lemure (D:8)
  2 phantoms
  2 kobold brigands (D:10)
  15 bullfrogs
  A cyclops zombie (Orc:1)
  2 gnoll sergeants
  2 scorpions
  10 wights
  A troll zombie (D:11)
  6 killer bees (D:10)
  4 electric eels
  3 howler monkeys
  2 quasits (D:8)
  41 orc priests
  7 hounds
  2 jellies
  4 iguanas
  23 orc wizards
  Natasha (thrice) (D:2)
  5 ogre zombies (D:11)
  6 adders
  10 gnolls
  An ogre simulacrum (Orc:1)
  2 shadow imps (D:8)
  4 white imps (D:5)
  An ufetubus (D:5)
  2 worms
  2 dart slugs
  94 orcs
  9 endoplasms
  2 giant cockroaches
  10 goblins
  4 hobgoblins
  22 kobolds
  6 quokkas
  8 ball pythons
  4 bats
  6 frilled lizards
  A gnoll simulacrum (Orc:1)
  2 goblin zombies (D:11)
  A hobgoblin skeleton (D:11)
  3 hobgoblin zombies (D:11)
  2 orc skeletons
  15 orc zombies
  14 rats
  2 tentacles (Shoals:1)
1206 creatures vanquished.

Vanquished Creatures (collateral kills)
  Nikola (Shoals:4)
  A sphinx (Shoals:4)
  The ghost of Darold the Martial Artist, a journeyman MfGl of Elyvilon (D:13)
  A merfolk impaler (Shoals:3)
  A satyr (Shoals:4)
  An orc high priest (Orc:2)
  A sea snake (Shoals:4)
  2 fauns (Shoals:4)
  3 elephants (Lair:3)
  A water nymph (Shoals:4)
  4 merfolk (Shoals:3)
  4 blink frogs (Lair:3)
  A snapping turtle (Shoals:4)
  3 wolves (Lair:3)
  A bush (D:13)
26 creatures vanquished.

Vanquished Creatures (others)
  Nessos (Orc:2)
  An orb spider (Spider:3)
  A harpy (Shoals:3)
  A kobold (D:10)
  30 fungi
  102 plants
  2 tentacles (Shoals:1)
138 creatures vanquished.

Grand Total: 1370 creatures vanquished

Notes
Turn   | Place    | Note
-------+----------+-------------------------------------------
     0 | D:1      | LLlMATKO the Minotaur Berserker began the quest for the
                  | Orb.
     0 | D:1      | Reached XP level 1. HP: 19/19 MP: 0/0
   264 | D:1      | Reached XP level 2. HP: 24/27 MP: 1/1
   443 | D:1      | Reached ** piety under Trog
   459 | D:1      | Found The Oracle's Delphic Readings.
  1003 | D:2      | Noticed Natasha
  1014 | D:2      | Reached XP level 3. HP: 33/33 MP: 2/2
  1017 | D:2      | Killed Natasha
  1251 | D:2      | Found a faded altar of an unknown god.
  1279 | D:2      | Noticed Natasha
  1288 | D:2      | Reached XP level 4. HP: 36/41 MP: 3/3
  1294 | D:2      | Killed Natasha
  1497 | D:2      | Noticed Natasha
  1504 | D:2      | Killed Natasha
  1568 | D:2      | Reached XP level 5. HP: 47/47 MP: 4/4
  1831 | D:3      | Noticed a water moccasin
  1837 | D:3      | Killed a water moccasin
  1838 | D:3      | Reached skill level 5 in Fighting
  1838 | D:3      | Reached skill level 5 in Axes
  1932 | D:3      | Reached XP level 6. HP: 51/56 MP: 5/5
  3650 | D:5      | Entered Level 5 of the Dungeon
  3650 | D:5      | Found a staircase to the Ecumenical Temple.
  3665 | D:5      | Noticed an ice beast
  3670 | D:5      | Killed an ice beast
  3721 | D:5      | Reached XP level 7. HP: 62/62 MP: 6/6
  3803 | D:5      | Reached skill level 5 in Armour
  3960 | D:5      | Reached skill level 1 in Shields
  4400 | D:6      | Found Fugg's Weapon Emporium.
  4477 | D:6      | Reached skill level 5 in Dodging
  4738 | D:6      | Reached *** piety under Trog
  5000 | D:6      | Reached skill level 2 in Shields
  5302 | D:7      | Reached XP level 8. HP: 68/71 MP: 7/7
  5532 | D:7      | Found an ornate altar of the Wu Jian Council.
  5614 | D:7      | Reached skill level 3 in Shields
  5854 | D:7      | Noticed a hornet
  5861 | D:7      | Killed a hornet
  6135 | D:8      | Reached skill level 4 in Shields
  6289 | D:8      | Found a shimmering altar of Xom.
  6342 | D:8      | Reached XP level 9. HP: 76/79 MP: 8/8
  6439 | D:8      | Noticed Erica
  6446 | D:8      | Reached skill level 5 in Shields
  6459 | D:8      | Killed Erica
  6460 | D:8      | Reached skill level 6 in Shields
  6789 | D:8      | Noticed Grum
  6807 | D:8      | Killed Grum
  6808 | D:8      | Reached XP level 10. HP: 81/90 MP: 9/9
  6942 | D:8      | Found a burning altar of Makhleb.
  6989 | D:8      | Found a stormy altar of Qazlal.
  6989 | D:8      | Noticed Pikel
  7000 | D:8      | Killed Pikel
  7180 | D:8      | Noticed Psyche
  7210 | D:8      | Killed Psyche
  7211 | D:8      | Reached skill level 7 in Shields
  7407 | D:8      | Noticed a two-headed ogre
  7416 | D:8      | Killed a two-headed ogre
  7416 | D:8      | Reached **** piety under Trog
  7555 | D:8      | Found a shimmering blue altar of Sif Muna.
  7943 | D:9      | Noticed a two-headed ogre
  7946 | D:9      | Noticed a two-headed ogre
  7952 | D:9      | Killed a two-headed ogre
  7953 | D:9      | Reached skill level 10 in Fighting
  7953 | D:9      | Reached skill level 10 in Axes
  7955 | D:9      | Killed a two-headed ogre
  7956 | D:9      | Reached skill level 8 in Shields
  7956 | D:9      | Reached XP level 11. HP: 99/99 MP: 10/10
  8366 | D:10     | Entered Level 10 of the Dungeon
  8449 | D:10     | Found Fink's Armour Shop.
  8670 | D:10     | Reached skill level 10 in Armour
  8708 | D:10     | Reached ***** piety under Trog
  8720 | D:10     | Found a flagged portal.
  8727 | Bailey   | Entered a bailey
  9120 | Bailey   | Identified the +1 leather armour of the Lumpy Moons {Will++
                  | Regen+ Dex-5 Stlth+}
  9567 | D:10     | Found Mehiob's Antique Weapon Boutique.
  9649 | D:10     | Found Luecih's Assorted Antiques.
  9651 | D:10     | Found a staircase to the Lair.
  9872 | D:10     | Found Riagausch's Book Emporium.
  9876 | D:10     | Reached skill level 9 in Shields
  9886 | D:10     | Found Tuifam's Book Shop.
 10035 | D:11     | Found a staircase to the Orcish Mines.
 11261 | D:12     | Noticed a two-headed ogre
 11269 | D:12     | Killed a two-headed ogre
 11270 | D:12     | Reached skill level 10 in Dodging
 11372 | D:12     | Reached XP level 12. HP: 110/110 MP: 11/11
 11519 | D:12     | Noticed a two-headed ogre
 11527 | D:12     | Killed a two-headed ogre
 11725 | D:12     | Reached skill level 10 in Shields
 12088 | D:12     | Noticed a two-headed ogre
 12095 | D:12     | Killed a two-headed ogre
 12344 | D:13     | Noticed a tengu warrior
 12344 | D:13     | Noticed a tengu warrior
 12345 | D:13     | Noticed an entropy weaver
 12348 | D:13     | Noticed a centaur warrior
 12354 | D:13     | Killed a tengu warrior
 12361 | D:13     | Killed a centaur warrior
 12361 | D:13     | Killed an entropy weaver
 12364 | D:13     | Killed a tengu warrior
 12588 | D:13     | Found a runed translucent door.
 12588 | D:13     | Noticed Darold's ghost (journeyman MfGl)
 12607 | D:13     | Noticed a yaktaur captain
 12608 | D:13     | Found a gate to the Vaults.
 12614 | D:13     | Killed a yaktaur captain
 13702 | D:13     | Killed Darold's ghost
 13703 | D:13     | Reached skill level 11 in Shields
 13871 | Lair:1   | Entered Level 1 of the Lair of Beasts
 14643 | Lair:1   | Reached XP level 13. HP: 119/119 MP: 12/12
 15400 | Lair:2   | Found a hole to the Spider Nest.
 15647 | Lair:2   | Found a staircase to the Shoals.
 17004 | Lair:3   | Reached skill level 12 in Shields
 17972 | Lair:4   | Received a gift from Trog
 18297 | Lair:4   | Reached XP level 14. HP: 121/130 MP: 13/13
 18902 | Lair:5   | Entered Level 5 of the Lair of Beasts
 19219 | Lair:5   | Found a viscous altar of Jiyva.
 19219 | Lair:5   | Found a staircase to the Slime Pits.
 19500 | Lair:5   | Reached skill level 13 in Shields
 19677 | Lair:5   | Reached ****** piety under Trog
 20557 | Lair:5   | Identified the ring of Nemelex Xobeh's Favour {Fire Int-2
                  | Dex+9 SInv Stlth-}
 20571 | Lair:5   | Identified the staff of fire "Epraroin" {Fly rF+}
 20860 | Orc:1    | Entered Level 1 of the Orcish Mines
 21158 | Orc:1    | Identified the +2 hand axe of Deformation {flame, rF+
                  | Dex+3} (Trog gifted it to you on level 1 of the Orcish
                  | Mines)
 21158 | Orc:1    | Received a gift from Trog
 21197 | Orc:1    | Noticed an orc warlord
 21216 | Orc:1    | Killed an orc warlord
 21996 | Orc:2    | Entered Level 2 of the Orcish Mines
 22027 | Orc:2    | Noticed Rupert
 22044 | Orc:2    | Killed Rupert
 22215 | Orc:2    | Reached skill level 15 in Axes
 22385 | Orc:2    | Noticed Nessos
 22391 | Orc:2    | Killed Nessos
 22392 | Orc:2    | Reached skill level 15 in Fighting
 22414 | Orc:2    | Identified the +7 broad axe "Ixkusera" {flame, rF- Str+8}
                  | (Trog gifted it to you on level 2 of the Orcish Mines)
 22414 | Orc:2    | Received a gift from Trog
 22570 | Orc:2    | Found a staircase to the Elven Halls.
 22575 | Orc:2    | Noticed Azrael
 22585 | Orc:2    | Reached XP level 15. HP: 141/141 MP: 14/14
 22590 | Orc:2    | Killed Azrael
 23411 | Orc:2    | Reached skill level 14 in Shields
 23517 | Orc:2    | Reached skill level 15 in Armour
 23720 | Orc:2    | Found Jiso's Book Shoppe.
 23723 | Orc:2    | Found Kearoxt's Armour Shoppe.
 23724 | Orc:2    | Found Xonat's Antique Armour Shoppe.
 23725 | Orc:2    | Found Lengorph's Jewellery Emporium.
 23771 | Orc:2    | Found Jiso's Book Shoppe.
 23773 | Orc:2    | Found Lengorph's Jewellery Emporium.
 23776 | Orc:2    | Found Kearoxt's Armour Shoppe.
 23777 | Orc:2    | Found Xonat's Antique Armour Shoppe.
 24030 | Orc:2    | Found a staircase to the Elven Halls.
 25047 | D:14     | Received a gift from Trog
 25393 | D:15     | Entered Level 15 of the Dungeon
 25420 | D:15     | Noticed Agnes
 25430 | D:15     | Killed Agnes
 25929 | D:15     | Found a staircase to the Depths.
 26167 | D:15     | Found a blossoming altar of Fedhas.
 26169 | D:15     | Found a shimmering altar of Xom.
 26169 | D:15     | Found a hide-covered altar of Uskayaw.
 26181 | D:15     | Found a shimmering altar of Xom.
 26181 | D:15     | Found an ornate altar of the Wu Jian Council.
 26181 | D:15     | Found a white marble altar of Elyvilon.
 26488 | Shoals:1 | Entered Level 1 of the Shoals
 26568 | Shoals:1 | Found a transporter.
 26573 | Shoals:1 | Found a transporter.
 26591 | Shoals:1 | Found a transporter.
 26591 | Shoals:1 | Found a transporter.
 26591 | Shoals:1 | Found Ezogaex's Jewellery Boutique.
 26594 | Shoals:1 | You are sucked into a shaft and drop 1 floor!
 27011 | Shoals:1 | Found a transporter.
 27015 | Shoals:1 | Found a transporter.
 27020 | Shoals:1 | Reached skill level 15 in Shields
 27256 | Shoals:1 | Reached XP level 16. HP: 151/151 MP: 15/15
 27494 | Shoals:1 | Noticed a kraken
 27503 | Shoals:1 | Killed a kraken
 28328 | Shoals:2 | Received a gift from Trog
 28329 | Shoals:2 | Reached skill level 15 in Dodging
 28342 | Shoals:2 | Identified the +3 quarterstaff "Haomoitt" {flame, Str+4
                  | Int+3}
 29341 | Shoals:3 | Noticed Donald
 29348 | Shoals:3 | Killed Donald
 29965 | Shoals:3 | Identified Roxanne's Precepts of Stones
 29965 | Shoals:3 | Noticed Roxanne
 29982 | Shoals:3 | Killed Roxanne
 30046 | Shoals:3 | Reached skill level 16 in Shields
 30432 | Shoals:4 | Entered Level 4 of the Shoals
 30442 | Shoals:4 | Received a gift from Trog
 31417 | Shoals:4 | Reached XP level 17. HP: 149/161 MP: 16/16
 31436 | Shoals:4 | Identified the +0 scale mail of Xixzozy {rF++}
 31465 | Shoals:4 | Noticed Nikola
 31469 | Shoals:4 | Paralysed by a sphinx for 2 turns
 31488 | Shoals:4 | Killed Nikola
 31524 | Shoals:4 | Got a barnacled rune of Zot
 31525 | Shoals:4 | Identified the +0 helmet of the Game Afoot {Rampage Slay+2}
 31636 | Shoals:4 | Received a gift from Trog
 31753 | Shoals:4 | Identified the ring of Jarumno {Will+ SInv}
 32533 | Spider:1 | Entered Level 1 of the Spider Nest
 32573 | Spider:1 | Reached skill level 17 in Shields
 34211 | Spider:2 | Received a gift from Trog
 34459 | Spider:3 | Reached skill level 18 in Shields
 34749 | Spider:3 | Noticed Mara
 34868 | Spider:3 | Noticed LLlMATKO's illusion
 34879 | Spider:3 | Killed Mara
 34880 | Spider:3 | Reached XP level 18. HP: 173/173 MP: 17/17
 35549 | Spider:4 | Entered Level 4 of the Spider Nest
 35567 | Spider:4 | Identified 2 scrolls of acquirement
 35567 | Spider:4 | Acquired 812 gold pieces
 35662 | Spider:4 | Received a gift from Trog
 35728 | Spider:4 | Noticed Aizul
 35736 | Spider:4 | Killed Aizul
 35741 | Spider:4 | Reached skill level 19 in Shields
 35912 | Spider:4 | Acquired a manual of Dodging
 36575 | Spider:4 | Got a gossamer rune of Zot
 36881 | Vaults:1 | Entered Level 1 of the Vaults
 37360 | Vaults:1 | Received a gift from Trog
 37634 | Vaults:1 | Reached skill level 20 in Shields
 38279 | Vaults:1 | Reached XP level 19. HP: 183/183 MP: 18/18
 38285 | Vaults:1 | Identified the +5 battleaxe of Moderation {heavy, +Blink
                  | MP+9 Str+2 Int-5}
 38612 | Vaults:2 | Received a gift from Trog
 38695 | Vaults:2 | HP: 12/274 [tengu reaver/+0 bardiche[Sojobo] (3)]
 39402 | Vaults:2 | Noticed Boris
 39415 | Vaults:2 | Killed Boris
 39519 | Vaults:2 | Identified the ring "Qishueb" {rPois Str+3 Dex+2}
 39732 | Vaults:2 | Reached skill level 21 in Shields
 39741 | Vaults:2 | Noticed Sojobo
 39749 | Vaults:2 | Noticed Xtahua
 39753 | Vaults:2 | Identified the +2 war axe of Springtime {flame, rPois rC+
                  | Will+ Int-4} (Trog gifted it to you on level 2 of the
                  | Vaults)
 39753 | Vaults:2 | Received a gift from Trog
 39764 | Vaults:2 | Paralysed by an air elemental for 1 turns
 39765 | Vaults:2 | Slain by a vault warden

Illustrated notes

Levels and vault maps discovered:
D:1:      onia_arrival_handbag, layout_loops_corners, hangedman_decor_points,
          nicolae_nh_oracle_at_delphi
D:2:      layout_loops_cross, ebering_ecumenical_altar_mist, minivault_14,
          minmay_pentomino_s2, uniq_natasha
D:3:      layout_loops_cross, minmay_misc_feat_pillars
D:4:      layout_basic
D:5:      layout_gridville, minmay_temple_entry_from_below_a, nrook_mini_vaults
D:6:      layout_cave_pods, serial_shops, nicolae_shop_hallway_plus,
          minivault_26
D:7:      layout_loops_corners, nicolae_wu_jian_wuxing_cycle
D:8:      minmay_octagon_keep, layout_cave_pools, marbit_many_paths,
          mainiacjoe_overflow_surrounded_room, lemuel_tele_altar,
          lemuel_blue_sif_altar, serial_demonic, serial_demonic_a,
          serial_demonic_d, serial_demonic_c, serial_demonic_b,
          serial_demonic_b, uniq_grum, uniq_erica, uniq_psyche, uniq_pikel
D:9:      layout_rooms
D:10:     layout_roguey, erik_lair_island, serial_shops, nicolae_stop_n_shop_1,
          shop, shop, shop, nicolae_shop_tiny_statue_garden, enter_bailey_3
D:11:     layout_basic, zombieorc1_lemuel, serial_co_window_serial,
          co_window_paths_a, co_window_cross_1, co_window_of_opportunity_a,
          co_window_paths_a, co_window_corner_a, co_window_paths_a,
          co_window_unsneaky_path_b, co_window_broadway_c, co_window_corner_b,
          co_window_broadway_a, co_window_paths_e, co_window_4corner_b,
          glass_columns_a, glass_columns_a, glass_columns_a, glass_columns_b
D:12:     layout_roguey
D:13:     layout_basic, david_vaults_2, hellmonk_ghost_big_iron,
          grunt_ministairs_1, fake_guardian_serpent_vault
D:14:     layout_loops_corners, serial_park_tiny_1
D:15:     grunt_enter_depths_snipers, layout_loops_ring, doesnt_xom_only_xom,
          uniq_agnes
Lair:1:   layout_layer_cave, serial_bayou_shore_a
Lair:2:   layout_chaotic_city, elwin_shoals_entry_rocks,
          spider_nest_entry_funnel_web, fungi_pond_lemuel,
          infiniplex_staircase_pool
Lair:3:   layout_gridlike, serial_bayou_shore_b, serial_bayou_shore_b,
          serial_bayou_shore_b
Lair:4:   layout_small_grid, serial_bayou_shore_b
Lair:5:   grunt_lair_end_beastmaster, layout_cave_pods, slime_entry_1,
          lemuel_fruit_tree, grunt_megastairs_2, infiniplex_staircase_pool_2
Shoals:1: layout_shoals, serial_shops, shop, serial_nicolae_subway,
          nicolae_sub_station_crystal, nicolae_sub_station_metal,
          nicolae_sub_station_stone
Shoals:2: layout_shoals, nicolae_shoals_lost_giant_amphitheater
Shoals:3: layout_shoals, nicolae_shoals_shepherds, uniq_donald, uniq_roxanne
Shoals:4: shoals_end_hellmonk_lost_city, uniq_nikola
Spider:1: layout_spider_delve
Spider:2: nicolae_spider_broodchamber
Spider:3: layout_spider_delve, nicolae_spider_orb_run, uniq_mara
Spider:4: grunt_spider_rune_circles, uniq_aizul
Orc:1:    dreamdust_under_siege, layout_caves
Orc:2:    st_orc_pillars, layout_diamond_mine, uniq_azrael, uniq_nessos,
          uniq_rupert
Vaults:1: vaults_room_grunt_arrival_ludios, v_alt_pattern_6,
          nicolae_vaults_stepped_doors, vaults_mumra_minichess_inversion,
          nicolae_vaults_angled_halls, nicolae_vaults_closet_pinwheel_6,
          v_alt_pattern_6, ontoclasm_vaults_hangar,
          nicolae_vaults_little_squares_2, hangedman_vaults_impose,
          nicolae_vaults_house_1, vaults_dpeg_diagonal, layout_vaults_big_cross
Vaults:2: hangedman_vaults_locks, vaults_room_grunt_arrival_checkpoint,
          v_misc_27, nicolae_vaults_tetromino_T_2,
          nicolae_vaults_storage_closets_2, dpeg_vaults_hating_casters,
          nicolae_vaults_sealed_display, dpeg_vaults_monster_box,
          nicolae_vaults_tetromino_Z_2, vaults_dpeg_encased_lava,
          nicolae_vaults_diamond_1, layout_vaults_omnigrid, uniq_boris,
          uniq_sojobo, uniq_xtahua

Skill      XL: |  1  2  3  4  5  6  7  8  9 10 11 12 13 14 15 16 17 18 19 |
---------------+----------------------------------------------------------+-----
Axes           | 4 5 6 7 8 10 11 12 13 15 16 17 18 19 | 19.8
Fighting       | 4 5 6 7 8 10 11 12 13 15 16 17 18 19 | 19.7
Armour         | 3 4 5 6 8 9 11 12 13 14 15 17 18 19 | 19.5
Dodging        | 3 4 5 6 7 8 10 11 12 13 14 15 16 18 19 | 19.0
Shields        | 2 4 6 8 9 11 12 13 15 16 18 20 21 | 21.2

Action                     |  1- 3 |  4- 6 |  7- 9 | 10-12 | 13-15 | 16-18 | 19-21 || total
---------------------------+-------+-------+-------+-------+-------+-------+-------++-------
  Melee: Hand axe          |    73 |   109 |    39 |       |       |       |       ||   221
         Headbutt          |    10 |    22 |    31 |   130 |   278 |   256 |    41 ||   768
         War axe           |       |       |   148 |   257 |       |       |       ||   405
         Broad axe         |       |       |       |   320 |  1002 |   958 |   135 ||  2415
         Whip              |       |       |       |       |    33 |       |       ||    33
  Throw: Javelin           |       |       |       |       |     4 |     2 |       ||     6
 Invoke: Berserk           |     1 |     3 |     6 |    11 |    11 |     8 |     3 ||    43
         Brothers in Arms  |       |       |       |     1 |     2 |     4 |       ||     7
         Trog's Hand       |       |       |       |     1 |     2 |     2 |       ||     5
  Evoke: Wand              |       |       |       |       |     5 |       |       ||     5
    Use: Scroll            |       |       |       |    12 |     3 |    18 |       ||    33
   Stab: Petrified         |       |       |       |       |     2 |       |       ||     2
         Distracted        |       |       |       |       |     1 |       |       ||     1
 Armour: Animal skin       |    19 |    23 |       |       |       |       |       ||    42
         Scale mail        |       |    19 |    27 |       |       |       |       ||    46
         Plate armour      |       |       |   111 |   323 |   346 |    66 |       ||   846
         Skin              |       |       |       |    15 |       |       |       ||    15
         Crystal plate arm |       |       |       |       |       |   367 |    60 ||   427
  Dodge: Dodged            |    50 |    52 |    80 |   215 |   285 |   520 |    71 ||  1273
         Repelled          |       |       |       |       |       |     1 |     1 ||     2
  Block: Other             |       |    17 |     1 |       |       |       |       ||    18
         Buckler           |       |       |   106 |   343 |       |       |       ||   449
         Reflection        |       |       |     5 |    47 |    34 |    64 |     9 ||   159
         Kite shield       |       |       |       |    50 |   908 |  1185 |   193 ||  2336
